 Dungeon Crawl Stone Soup version 0.28-a0-1616-g050a50673c (webtiles) character file.

Game seed: 14690450205368161760

1040 croobank the Cutter (level 8, -6/54 HPs)
             Began as an Octopode Monk on Jan 22, 2022.
             Mangled by an ice beast (14 damage)
             ... on level 6 of the Dungeon.
             The game lasted 00:27:08 (5927 turns).

croobank the Cutter (Octopode Monk)                 Turns: 5927, Time: 00:27:08

Health: -6/54      AC:  1    Str: 13    XL:     8   Next: 24%
Magic:  8/8        EV: 14    Int: 12    God:
Gold:   185        SH:  0    Dex: 16    Spells: 7/7 levels left

rFire   . . .      SeeInvis .   p - +2 dagger (venom)
rCold   . . .      Faith    .   (no shield)
rNeg    . . .      Spirit   .   (helmet restricted)
rPois   .          Reflect  .   (no amulet)
rElec   .          Harm     .   e - ring of flight
rCorr   .          Rampage  .   (no ring)
Will    .....                   (no ring)
Stlth   ++++......              (no ring)
HPRegen 0.18/turn               (no ring)
MPRegen 0.11/turn               (no ring)
                                (no ring)
                                (no ring)

@: flying
A: almost no armour, amphibious, 8 rings, camouflage 1, gelatinous body 1,
(nimble swimmer 1), tentacles, agile 1, mutation resistance 2
a: no special abilities


You were on level 6 of the Dungeon.
You visited 1 branch of the dungeon, and saw 6 of its levels.

You collected 185 gold pieces.

Inventory:

Hand Weapons
 a - a +0 hand axe
 d - a +2 short sword of speed
 n - a +0 war axe
 o - a +2 dagger of freezing
 p - a +2 dagger of venom (weapon)
 s - a +0 hunting sling
 u - a +0 dagger of holy wrath
 w - a +0 morningstar
 x - a +2 spear of venom
Missiles
 b - 156 stones
 c - 61 sling bullets
 h - 6 silver javelins
 k - 69 arrows
 q - 37 bolts
 v - 7 poisoned darts (quivered)
 A - 4 atropa-tipped darts
Magical Staves
 f - a staff of death
Jewellery
 e - a ring of flight (left tentacle)
Scrolls
 i - 3 scrolls of teleportation
 j - 2 scrolls of brand weapon
 l - a scroll of enchant weapon
 r - a scroll of identify
Potions
 g - a potion of degeneration
 m - 3 potions of attraction
 t - 3 potions of mutation


   Skills:
 - Level 4.0 Fighting
 + Level 7.4 Short Blades
 - Level 4.0 Axes
 - Level 4.0 Dodging
 - Level 4.7 Stealth


You had 7 spell levels left.
You didn't know any spells.
Your spell library contained the following spells:

 Spells                   Type           Power      Damage    Failure   Level
 Apportation              Tloc           0%         N/A       32%         1
 Alistair's Intoxication  Tmut/Pois      0%         N/A       100%        5


Dungeon Overview and Level Annotations

Branches:
Dungeon (6/15)
 Temple: D:4-7

Altars:
Elyvilon


Innate Abilities, Weirdness & Mutations

You cannot wear most types of armour.
You are amphibious.
You can wear up to eight rings at the same time.
Your skin changes colour to match your surroundings (Stealth+).
Your rubbery body absorbs attacks. (AC +1, EV +1)
((You are camouflaged when in or above water. (Stealth+)))
You have tentacles for arms and can constrict up to eight enemies at once.
You are agile. (Dex +2)
You are somewhat resistant to both further mutation and mutation removal.


Message History

You barely miss the ice beast.
The ice beast is lightly wounded.
The ice beast hits you but does no damage.
You barely miss the ice beast.
You squeeze the ice beast, but do no damage.
The ice beast is lightly wounded.
The ice beast hits you. The ice beast freezes you!
* * * LOW HITPOINT WARNING * * *
You hit the ice beast but do no damage.
The ice beast is lightly wounded.
You feel much better. The ice beast closely misses you.
You hit the ice beast but do no damage. You squeeze the ice beast.
The ice beast is moderately wounded.
The ice beast hits you. The ice beast freezes you.
You hit the ice beast but do no damage.
The ice beast is moderately wounded.
The ice beast hits you. The ice beast freezes you!
You hit the ice beast.
The ice beast is heavily wounded.
You hit the ice beast.
The ice beast is poisoned.
You squeeze the ice beast, but do no damage.
The ice beast is severely wounded.
The ice beast misses you.
You hit the ice beast but do no damage.
The ice beast is severely wounded.
The ice beast completely misses you.
You hit the ice beast but do no damage.
The ice beast is severely wounded.
You hit the ice beast but do no damage.
The ice beast is severely wounded.
The ice beast hits you. The ice beast freezes you!
* * * LOW HITPOINT WARNING * * *
You hit the ice beast but do no damage.
The ice beast is severely wounded.
You closely miss the ice beast. Your squeeze misses the ice beast.
The ice beast is severely wounded.
The ice beast hits you.
* * * LOW HITPOINT WARNING * * *
The ice beast freezes you!
You die...

.#.#.#.#############.#.#
.#.#.#.#......#....#.#.#
.#.#.#........#.##.....#######
.#.#...............#..........
.#.#..............###.....####
.#.#.####.#####..## ##..⌠...##
.#.#..............##+.........
.#'#>..............#..PP......
.....####.###.#.@Y...P≈≈......
.....+.#. .. ##+#....P.......
.....#.#. #..............
..÷....#.####.#...Y....(......
.÷...........5+...............
####.####.###.#........#######
.........<.............#
####.#########...g...... #..
...........#


You could see an ice beast (very poisoned).

Vanquished Creatures
  A black bear (D:6)
  A phantom (D:5)
  Blork the orc (D:5)
  A gnoll sergeant (D:5)
  3 scorpions
  A howler monkey (D:5)
  A hound (D:4)
  A gnoll shaman (D:4)
  3 iguanas (D:5)
  A bullfrog skeleton (D:4)
  2 orc wizards (D:4)
  A hound skeleton (D:5)
  7 adders
  11 gnolls
  A white imp (D:6)
  An ufetubus (D:4)
  An adder skeleton (D:5)
  2 worms (D:2)
  4 dart slugs
  12 orcs
  4 endoplasms
  4 giant cockroaches
  7 goblins
  8 hobgoblins
  5 jackals
  2 quokkas
  4 ball pythons
  9 bats
  4 frilled lizards
  13 kobolds
  4 rats
120 creatures vanquished.

Vanquished Creatures (others)
  4 plants (D:2)
4 creatures vanquished.

Grand Total: 124 creatures vanquished

Notes
Turn   | Place    | Note
-------+----------+-------------------------------------------
     0 | D:1      | croobank the Octopode Monk began the quest for the Orb.
     0 | D:1      | Reached XP level 1. HP: 16/16 MP: 1/1
   208 | D:1      | Reached XP level 2. HP: 16/21 MP: 2/2
  1137 | D:2      | Reached XP level 3. HP: 24/26 MP: 3/3
  1731 | D:2      | Found a faded altar of an unknown god.
  2115 | D:3      | Found a white marble altar of Elyvilon.
  2149 | D:3      | Reached XP level 4. HP: 30/31 MP: 4/4
  2882 | D:4      | Noticed a scorpion
  2888 | D:4      | Killed a scorpion
  2889 | D:4      | Reached XP level 5. HP: 28/37 MP: 5/5
  3380 | D:4      | Reached skill level 1 in Short Blades
  3380 | D:4      | Reached XP level 6. HP: 39/43 MP: 6/6
  3504 | D:4      | Reached skill level 2 in Short Blades
  3509 | D:4      | Gained mutation: You are agile. (Dex +2) [potion of
                  | mutation]
  3509 | D:4      | Gained mutation: You are somewhat resistant to further
                  | mutation. [potion of mutation]
  3509 | D:4      | Gained mutation: You are somewhat resistant to both further
                  | mutation and mutation removal. [potion of mutation]
  3640 | D:4      | Reached skill level 3 in Short Blades
  4343 | D:4      | Reached skill level 4 in Short Blades
  4343 | D:4      | Reached XP level 7. HP: 48/48 MP: 7/7
  4512 | D:5      | Entered Level 5 of the Dungeon
  4786 | D:5      | Reached skill level 5 in Short Blades
  4886 | D:5      | Noticed Blork the orc
  5008 | D:5      | Reached skill level 6 in Short Blades
  5018 | D:5      | Reached XP level 8. HP: 29/54 MP: 8/8
  5251 | D:5      | Killed Blork the orc
  5252 | D:5      | Reached skill level 7 in Short Blades
  5927 | D:6      | Mangled by an ice beast

Illustrated notes

Levels and vault maps discovered:
D:1:      dpeg_arrival_water_temple_mockup, layout_basic, serial_corexii_hall,
          corexii_hall_statues_i, chequers_hall_statues_wall_a,
          corexii_hall_statues_deadend, chequers_hall_statues_y,
          interstate_on_off
D:2:      layout_basic, chequers_ecumenical_altar_lobes, kennysheep_potato
D:3:      layout_loops_cross, elyvilon_altar_3, grunt_ministairs_5,
          dk_noncrumbling_4, minmay_distorted
D:4:      layout_basic
D:5:      layout_rooms, st_stairs_1, lightli_minifort, uniq_blork_the_orc
D:6:      layout_basic, tso_oasis_becter, gammafunk_temple_overflow_wave,
          kennysheep_mini, temple_pool_b, patterned_corridor

Skill      XL: |  1  2  3  4  5  6  7  8 |
---------------+-------------------------+-----
Stealth        | 3 4 |  4.7
Axes           | 4 |  4.0
Dodging        | 4 |  4.0
Fighting       | 4 |  4.0
Short Blades   | 1 4 6 7 |  7.4

Action                   |  1- 3 |  4- 6 |  7- 9 || total
-------------------------+-------+-------+-------++-------
Melee: Hand axe          |    53 |       |       ||    53
       Constrict         |    17 |    26 |    22 ||    65
       Tentacles         |    13 |    29 |    30 ||    72
       Dagger            |    13 |   102 |   100 ||   215
       Punch             |     1 |     3 |     3 ||     7
Throw: Stone             |     1 |       |       ||     1
       Dart              |       |     3 |    13 ||    16
       Javelin           |       |     3 |       ||     3
  Use: Scroll            |     2 |     4 |     2 ||     8
       Potion            |       |     5 |     2 ||     7
 Stab: Sleeping          |    13 |    10 |     4 ||    27
       Distracted        |       |       |     2 ||     2
Armor: Skin              |     6 |     9 |     4 ||    19
Dodge: Dodged            |    41 |    46 |    36 ||   123

Table legend: (Time is in decaauts)
 A = Elapsed time spent in this place.
 B = Non-inter-level travel time spent in this place.
 C = Inter-level travel time spent in this place.
 D = Time resting spent in this place.
 E = Time spent auto-exploring this place.
 F = Levels seen in this place.
 G = Mean time per level.
                   A        B        C        D        E       F      G
               +--------+--------+--------+--------+--------+-----+--------+
         Total |   5899 |   5678 |    221 |    944 |   3516 |   6 |  983.2 |
       Dungeon |   5899 |   5678 |    221 |    944 |   3516 |   6 |  983.2 |
               +--------+--------+--------+--------+--------+-----+--------+

Top non-repeatable levels by time:
     D:4: 1466 daAuts
     D:5: 1191 daAuts
     D:3: 1113 daAuts
     D:1: 1015 daAuts
     D:2: 918 daAuts
     D:6: 194 daAuts
